 Dungeon Crawl Stone Soup version 0.20.0-8-g6b59dc7 (webtiles) character file.

11382 asthiss the Carver (level 11, -1/142 HPs)
             Began as a Minotaur Fighter on May 30, 2017.
             Was an Elder of Trog.
             Slain by a 13-headed hydra (10 damage)
             ... on level 11 of the Dungeon.
             The game lasted 01:22:45 (9336 turns).

asthiss the Carver (Minotaur Fighter)               Turns: 9336, Time: 01:22:46

Health: -1/142     AC: 17    Str: 28    XL:     11   Next: 48%
Magic:  10/10      EV: 11    Int:  5    God:    Trog [****..]
Gold:   174        SH: 12    Dex: 11    Spells: 10/10 levels left

rFire    . . .     SeeInvis .   D - +1 scimitar (venom)
rCold    . . .     Gourm    .   c - +0 shield
rNeg     . . .     Faith    .   y - +2 scale mail {rPois}
rPois    +         Spirit   .   (helmet restricted)
rElec    .         Reflect  .   z - scarf {cloud immunity}
rCorr    .         Harm     .   i - +0 pair of gloves
MR       .....     Clarity  +   h - +2 pair of boots
Stlth    ..........             (no amulet)
Regen    0.4/turn               (no ring)
MPRegen  0.2/turn               (no ring)

@: berserking, very quick
A: retaliatory headbutt, horns 2, yellow scales 1, clarity
a: Berserk, Trog's Hand, Brothers in Arms, Burn Spellbooks, Renounce Religion


You were on level 11 of the Dungeon.
You worshipped Trog.
Trog was greatly pleased with you.
You were not hungry.

You visited 3 branches of the dungeon, and saw 14 of its levels.
You also visited: Sewer.

You collected 624 gold pieces.
You spent 450 gold pieces at shops.

Inventory:

Hand Weapons
 a - a +1 long sword
 l - a cursed -3 falchion
 s - a +2 falchion of holy wrath
 x - a +3 falchion
 D - a +1 scimitar of venom (weapon)
Missiles
 e - 17 tomahawks (quivered)
Armour
 c - a +0 shield (worn)
 h - a +2 pair of boots (worn)
 i - a +0 pair of gloves (worn)
 k - a +0 cloak
 w - a +5 scale mail
 y - a +2 scale mail of poison resistance (worn)
 z - a scarf of cloud immunity (worn)
 A - a +1 ring mail of positive energy
Jewellery
 v - an uncursed amulet of the gourmand {unknown}
Wands
 C - a wand of polymorph (10/24)
Scrolls
 b - 2 scrolls of magic mapping
 j - 2 scrolls of teleportation
 q - 6 scrolls of remove curse
 u - 2 scrolls of fear
Potions
 d - a potion of might
 m - a potion of ambrosia
 n - 5 potions of flight
 o - 2 potions of curing
 B - a potion of brilliance
Comestibles
 f - a bread ration
 g - 3 meat rations
 r - 6 fruits
 t - 2 royal jellies


   Skills:
 + Level 8.6 Fighting
 * Level 14.7 Long Blades
 + Level 3.1 Throwing
 + Level 8.6 Armour
 + Level 5.4 Dodging
 + Level 0.8 Stealth
 + Level 9.3 Shields


You had 10 spell levels left.
You didn't know any spells.

Dungeon Overview and Level Annotations

Branches:
Dungeon (11/15)            Temple (1/1) D:7            Lair (0/6) D:11
    Orc (2/2) D:9
    Elf: Orc:2

Altars:
Ashenzari
Cheibriados
Dithmenos
Elyvilon
Fedhas
Gozag
Hepliaklqana
Kikubaaqudgha
Makhleb
Nemelex Xobeh
Okawaru
Qazlal
Ru
Sif Muna
Trog
Uskayaw
Vehumet
Xom
Yredelemnul
Zin
The Shining One

Shops:
D:4 *   D:6 ?   D:8 %   D:9 }   D:10 (


Innate Abilities, Weirdness & Mutations

You reflexively headbutt those who attack you in melee.
You have a pair of horns on your head.
You are partially covered in yellow scales. (AC +2)
You possess an exceptional clarity of mind.


Message History

You hack one of the 11-headed hydra's heads off!
The ten-headed hydra grows two more!
You hit the 12-headed hydra.
Your headbutt misses the 12-headed hydra.
The 12-headed hydra is heavily wounded.
A manticore comes into view.
You chop one of the 12-headed hydra's heads off!
The 11-headed hydra grows two more!
You hit the 13-headed hydra. You headbutt the 13-headed hydra.
The 13-headed hydra is heavily wounded.
The 13-headed hydra barely misses you. You furiously retaliate!
You headbutt the 13-headed hydra!
You block the 13-headed hydra's attack. x2
The 13-headed hydra bites you.
* * * LOW HITPOINT WARNING * * *
The 13-headed hydra bites you but does no damage.
The 13-headed hydra bites you.
* * * LOW HITPOINT WARNING * * *
The 13-headed hydra barely misses you.
The 13-headed hydra bites you but does no damage. x2
The 13-headed hydra bites you!
You die...

### #.# #..### #.#
###...#.# ..#.#.#
######## ###.#.#..#
#......# #..#.#.#.#
#...<..####.#.#..#.#
#.........##H##..# #
#......##@Dh#†#..#
########......###########
..............#
.......)......#
..............#
.....<..##.#.##
##########.#.# .# #.#..
.####### ......


You could see a 13-headed hydra, a manticore and a hound.

Vanquished Creatures
  A hydra (D:11)
  2 two-headed ogres
  The ghost of Dominolapin the Poker, a novice MfWn of Uskayaw (D:6)
  An ugly thing (D:11)
  2 centaur skeletons (D:10)
  A troll (D:10)
  Grinder (Sewer)
  The ghost of Setanta the Cudgeler, an amateur GrFi (D:5)
  3 hippogriffs
  4 yaks (D:10)
  A basilisk (D:10)
  A soldier ant (D:8)
  2 water moccasins
  4 sky beasts
  3 ice beasts
  3 orc warriors
  5 ogres
  A necrophage (D:10)
  A black bear (D:11)
  3 phantoms
  4 centaurs
  2 big kobolds (Sewer)
  3 bullfrogs
  A wyvern zombie (D:10)
  12 killer bees
  3 scorpions
  16 wights
  3 howler monkeys
  9 crimson imps
  A quasit (Sewer)
  14 orc priests
  13 hounds
  5 bullfrog skeletons
  4 jellies
  7 orc wizards
  3 iguanas
  2 worker ants
  5 big kobold zombies (Sewer)
  A hound zombie (D:5)
  8 gnolls
  19 adders
  A shadow imp (Sewer)
  2 ufetubi (Sewer)
  3 oozes
  3 adder zombies
  2 adder skeletons
  4 worms
  4 dart slugs
  3 leopard geckos
  55 orcs
  4 ball pythons
  10 bats
  4 giant cockroaches
  12 hobgoblins
  13 jackals
  A quokka (D:9)
  4 frilled lizards
  A giant cockroach zombie (Sewer)
  9 goblins
  A jackal skeleton (D:5)
  27 kobolds
  A kobold zombie (Sewer)
  A leopard gecko skeleton (D:7)
  A leopard gecko zombie (D:8)
  3 rats
345 creatures vanquished.

Vanquished Creatures (others)
  An ooze (Sewer)
  A giant cockroach zombie (Sewer)
2 creatures vanquished.

Grand Total: 347 creatures vanquished

Notes
Turn   | Place    | Note
-------+----------+-------------------------------------------
     0 | D:1      | asthiss the Minotaur Fighter began the quest for the Orb.
     0 | D:1      | Reached XP level 1. HP: 19/19 MP: 0/0
    85 | D:1      | Reached XP level 2. HP: 27/27 MP: 1/1
   117 | D:1      | Gained mutation: You are weak. (Str -2) [potion of mutation]
   117 | D:1      | Gained mutation: Your system is resistant to poisons. (rPois) [potion of mutation]
   129 | D:1      | Reached skill level 3 in Long Blades
   251 | D:1      | Reached XP level 3. HP: 32/33 MP: 2/2
  1119 | D:2      | Reached XP level 4. HP: 40/40 MP: 3/3
  1176 | D:2      | Reached skill level 4 in Long Blades
  1545 | D:3      | Reached skill level 1 in Dodging
  1545 | D:3      | Reached XP level 5. HP: 26/46 MP: 4/4
  1789 | D:3      | Found a white marble altar of Elyvilon.
  1870 | D:3      | Reached skill level 5 in Long Blades
  1871 | D:3      | Found a glowing silver altar of Zin.
  2302 | D:4      | Reached XP level 6. HP: 42/52 MP: 5/5
  2383 | D:4      | Found Gozag's Platinum Reserve.
  2442 | D:4      | Found a burning altar of Makhleb.
  2493 | D:4      | Reached skill level 6 in Long Blades
  2506 | D:4      | Found a glowing drain.
  2513 | D:4      | Reached skill level 5 in Shields
  2522 | Sewer    | Entered a sewer
  2674 | Sewer    | Found a burning altar of Makhleb.
  2885 | Sewer    | Reached XP level 7. HP: 57/60 MP: 6/6
  2900 | Sewer    | Reached skill level 7 in Long Blades
  2900 | Sewer    | Reached skill level 5 in Armour
  2976 | Sewer    | Noticed Grinder
  2984 | Sewer    | Paralysed by Grinder for 3 turns
  2990 | Sewer    | Paralysed by Grinder for 2 turns
  2992 | Sewer    | Killed Grinder
  3641 | D:4      | Found an opulent altar of Gozag.
  3726 | D:5      | Entered Level 5 of the Dungeon
  3732 | D:5      | Reached skill level 8 in Long Blades
  3808 | D:5      | Reached XP level 8. HP: 53/67 MP: 7/7
  3890 | D:5      | Reached skill level 5 in Fighting
  4056 | D:5      | Reached skill level 9 in Long Blades
  4270 | D:5      | Found a sand-covered staircase.
  4313 | D:5      | Noticed Setanta's ghost (amateur GrFi)
  4336 | D:5      | Killed Setanta's ghost
  4336 | D:5      | Reached skill level 10 in Long Blades
  4895 | D:6      | Found Komatu's Magic Scroll Emporium.
  4902 | D:6      | Reached XP level 9. HP: 74/74 MP: 8/8
  4970 | D:6      | Bought a scroll of identify for 22 gold pieces
  4970 | D:6      | Bought a scroll of brand weapon for 220 gold pieces
  4970 | D:6      | Bought a scroll of enchant armour for 82 gold pieces
  4970 | D:6      | Bought a scroll of identify for 22 gold pieces
  4982 | D:6      | Lost mutation: Your system is resistant to poisons. (rPois) [potion of mutation]
  4982 | D:6      | Lost mutation: You are weak. (Str -2) [potion of mutation]
  4982 | D:6      | Gained mutation: You are partially covered in yellow scales. (AC +2) [potion of mutation]
  4982 | D:6      | Gained mutation: You possess an exceptional clarity of mind. [potion of mutation]
  5034 | D:6      | Noticed Dominolapin's ghost (novice MfWn)
  5071 | D:6      | Killed Dominolapin's ghost
  5071 | D:6      | Reached skill level 11 in Long Blades
  5711 | D:7      | Found a staircase to the Ecumenical Temple.
  5776 | D:7      | Reached skill level 1 in Throwing
  5909 | Temple   | Entered the Ecumenical Temple
  5941 | Temple   | Became a worshipper of Trog the Wrathful
  6239 | D:7      | Reached skill level 12 in Long Blades
  6784 | D:7      | Reached * piety under Trog
  6907 | D:8      | Reached XP level 10. HP: 77/84 MP: 9/9
  7172 | D:8      | Reached ** piety under Trog
  7268 | D:8      | Found Semelliu's Food Emporium.
  7306 | D:8      | Bought a meat ration for 55 gold pieces
  7306 | D:8      | Bought 3 fruits for 49 gold pieces
  7664 | D:8      | Reached skill level 13 in Long Blades
  7685 | D:9      | Noticed a two-headed ogre
  7691 | D:9      | Found Ozafeuskan's Gadget Emporium.
  7696 | D:9      | Found a staircase to the Orcish Mines.
  7721 | Orc:1    | Entered Level 1 of the Orcish Mines
  7724 | Orc:2    | Entered Level 2 of the Orcish Mines
  8113 | D:9      | Found a sacrificial altar of Ru.
  8115 | D:9      | Found a basalt altar of Yredelemnul.
  8132 | D:9      | Reached *** piety under Trog
  8178 | D:9      | Killed a two-headed ogre
  8178 | D:9      | Reached skill level 14 in Long Blades
  8349 | D:10     | Entered Level 10 of the Dungeon
  8368 | D:10     | Reached XP level 11. HP: 66/92 MP: 10/10
  8413 | D:10     | Noticed a two-headed ogre
  8424 | D:10     | Killed a two-headed ogre
  8424 | D:10     | Reached skill level 5 in Dodging
  8686 | D:10     | Found Qealeose's Weapon Shoppe.
  8716 | D:10     | Reached **** piety under Trog
  8990 | D:11     | Noticed a white ugly thing
  9000 | D:11     | Killed a white ugly thing
  9028 | D:11     | Found a staircase to the Lair.
  9056 | D:11     | Noticed a four-headed hydra
  9073 | D:11     | Killed a seven-headed hydra
  9314 | D:11     | Noticed a five-headed hydra
  9336 | D:11     | Slain by a 13-headed hydra

Skill      XL: |  1  2  3  4  5  6  7  8  9 10 11 |
---------------+----------------------------------+-----
Long Blades    | 3 4 5 6 8 10 12 14 | 14.7
Shields        | 4 5 6 7 8 9 |  9.3
Fighting       | 4 5 6 7 8 |  8.6
Armour         | 4 5 6 8 |  8.6
Dodging        | 1 2 3 4 5 |  5.4
Throwing       | 2 3 |  3.1
Stealth        | |  0.8

Action                   |  1- 3 |  4- 6 |  7- 9 | 10-12 || total
-------------------------+-------+-------+-------+-------++-------
Melee: Long sword        |    96 |   229 |   188 |       ||   513
       Headbutt          |    16 |    38 |    98 |    97 ||   249
       Falchion          |       |       |   196 |       ||   196
       Scimitar          |       |       |    72 |   363 ||   435
Throw: Tomahawk          |       |       |    30 |    12 ||    42
Invok: Burn Spellbooks   |       |       |     1 |       ||     1
       Berserk           |       |       |       |     4 ||     4
  Use: Potion            |     4 |     4 |     5 |     9 ||    22
       Scroll            |     3 |     2 |    13 |    10 ||    28
  Eat: Bread ration      |       |     2 |       |     1 ||     3
       Chunk             |       |     1 |       |       ||     1
       Royal jelly       |       |     1 |       |       ||     1
       Meat ration       |       |       |     2 |     1 ||     3
       Fruit             |       |       |     1 |       ||     1
Armor: Scale mail        |    65 |   126 |   161 |   147 ||   499
       Chain mail        |       |       |    10 |       ||    10
       Skin              |       |       |       |     2 ||     2
Dodge: Dodged            |    41 |    84 |   120 |   130 ||   375
Block: Shield            |    66 |   144 |   191 |   197 ||   598
       Rpst.: Long sword |    10 |    30 |    14 |       ||    54
       Falchion          |       |       |     9 |       ||     9
       Scimitar          |       |       |     9 |    25 ||    34
